 Dungeon Crawl Stone Soup version 0.22-a0-282-gdd34a7d (webtiles) character file.

42 neds the Magician (level 3, -1/25 HPs)
             Began as a Gnoll Wizard on Mar 17, 2018.
             Slain by Natasha (10 damage)
             ... on level 2 of the Dungeon.
             The game lasted 00:06:35 (1491 turns).

neds the Magician (Gnoll Wizard)                    Turns: 1491, Time: 00:06:35

Health: -1/25      AC:  2    Str: 10    XL:     3   Next: 54%
Magic:  7/11       EV: 14    Int: 20    God:
Gold:   32         SH:  0    Dex: 13    Spells: 15/16 levels left

rFire    . . .     SeeInvis .   i - +0 short sword
rCold    . . .     Gourm    .   (no shield)
rNeg     . . .     Faith    .   a - +0 robe
rPois    .         Spirit   .   b - +0 hat
rElec    .         Reflect  .   (no cloak)
rCorr    .         Harm     .   (no gloves)
MR       .....                  (no boots)
Stlth    +++.......             (no amulet)
HPRegen  0.08/turn              (no ring)
MPRegen  0.12/turn              (no ring)

@: no status effects
A: distributed training, fangs 1, strong nose
a: no special abilities


You were on level 2 of the Dungeon.
You were not hungry.

You visited 1 branch of the dungeon, and saw 2 of its levels.

You collected 32 gold pieces.

Inventory:

Hand Weapons
 i - a +0 short sword (weapon)
 k - a +0 mace
Missiles
 e - 40 stones (quivered)
 g - 9 arrows
 h - 16 bolts
Armour
 a - a +0 robe (worn)
 b - a +0 hat (worn)
 o - a cursed +0 plate armour
 t - a +0 scale mail
Jewellery
 p - a +3 ring of intelligence {unknown}
Scrolls
 c - 2 scrolls of identify {unknown}
 f - a scroll of magic mapping {unknown}
 j - 2 scrolls of teleportation {unknown}
 l - a scroll of fear {unknown}
 n - 3 scrolls of amnesia
 q - a scroll of enchant armour {unknown}
 u - 2 scrolls of random uselessness {unknown}
Potions
 m - a potion of heal wounds {unknown}
 r - a potion of haste {unknown}
 s - a potion of flight {unknown}
 v - a potion of ambrosia {unknown}
Comestibles
 d - 2 rations


   Skills:
 + Level 0.8 Fighting
 + Level 0.8 Short Blades
 + Level 0.8 Long Blades
 + Level 0.8 Axes
 + Level 0.8 Maces & Flails
 + Level 0.8 Polearms
 + Level 0.8 Staves
 + Level 0.8 Slings
 + Level 0.8 Bows
 + Level 0.8 Crossbows
 + Level 0.8 Throwing
 + Level 0.8 Armour
 + Level 4.5 Dodging
 + Level 4.1 Stealth
 + Level 0.8 Shields
 + Level 0.8 Unarmed Combat
 + Level 7.1 Spellcasting
 + Level 2.1 Conjurations
 + Level 0.5 Hexes
 + Level 0.5 Charms
 + Level 2.1 Summonings
 + Level 0.5 Necromancy
 + Level 2.1 Translocations
 + Level 0.5 Transmutations
 + Level 0.5 Fire Magic
 + Level 0.5 Ice Magic
 + Level 0.5 Air Magic
 + Level 0.5 Earth Magic
 + Level 0.5 Poison Magic
 + Level 1.0 Invocations
 + Level 0.8 Evocations


You had 15 spell levels left.
You knew the following spells:

 Your Spells              Type           Power        Failure   Level  Hunger
a - Magic Dart            Conj           ###.         3%          1    None


Dungeon Overview and Level Annotations

Branches:
Dungeon (2/15)

Altars:

Annotations:
D:2 Natasha


Innate Abilities, Weirdness & Mutations

Your experience applies equally to all skills.
You have very sharp teeth.
Your uncanny sense of smell can sniff out nearby items.


Message History

The magic dart hits Natasha.
Natasha is moderately wounded.
Natasha misses you. The white imp hits you. The white imp freezes you.
Casting: Magic Dart (safe; 3% risk of failure)
Confirm with . or Enter, or press ? or * to list all spells.
Aiming: Magic Dart (safe; 3% risk of failure)
Press: ? - help, Shift-Dir - straight line, f/p - Natasha
Aim: Natasha (moderately wounded)
The magic dart hits Natasha.
Natasha is moderately wounded.
Natasha completely misses you. The white imp misses you.
Casting: Magic Dart (safe; 3% risk of failure)
Confirm with . or Enter, or press ? or * to list all spells.
Aiming: Magic Dart (safe; 3% risk of failure)
Press: ? - help, Shift-Dir - straight line, f/p - Natasha
Aim: Natasha (moderately wounded)
The magic dart hits Natasha.
Natasha is heavily wounded.
Natasha claws you!
You die...

.... #.....'.#.#
##≈≈≈≈≈## ..o #.....###.#
#≈≈≈≈≈≈≈# .. #..h..# #.#
##≈≈≈≈≈≈≈# . ###'### #.#
#≈≈≈≈≈≈≈≈≈
#.#####+###≈≈≈≈.≈≈..
#.........#...≈≈≈...
#####.....##.......#
####......#.......#
#.@h.....###.....##
#5#......# ##...##
#####+###.#......####...#
#.......(...........#...#
#........##......##.#...#
#................##....##
∆#........)#......#######
#.........#.##+###
####.....####.# ###


You could see Natasha and a white imp.

Vanquished Creatures
  A gnoll (D:1)
  An ooze (D:1)
  2 dart slugs (D:1)
  2 bats (D:2)
  2 giant cockroaches
  3 goblins (D:1)
  4 hobgoblins
  2 frilled lizards
  2 kobolds (D:1)
  6 rats (D:1)
25 creatures vanquished.

Notes
Turn   | Place    | Note
-------+----------+-------------------------------------------
     0 | D:1      | neds the Gnoll Wizard began the quest for the Orb.
     0 | D:1      | Reached XP level 1. HP: 13/13 MP: 8/8
   374 | D:1      | Reached XP level 2. HP: 16/20 MP: 2/10
   833 | D:1      | Reached XP level 3. HP: 25/25 MP: 5/11
  1369 | D:2      | Reached skill level 1 in Invocations
  1458 | D:2      | Noticed Natasha
  1491 | D:2      | Slain by Natasha

Vault maps used:
D:1:      dpeg_arrival_prison, minmay_misc_feat_room, minmay_domino_2
D:2:      nicolae_underground_beach, uniq_natasha

Skill      XL: |  1  2  3 |
---------------+----------+-----
Conjurations   | 2 |  2.1
Summonings     | 2 |  2.1
Translocations | 2 |  2.1
Invocations    | 1 |  1.0
Fighting       | |  0.8
Short Blades   | |  0.8
Long Blades    | |  0.8
Axes           | |  0.8
Maces & Flails | |  0.8
Polearms       | |  0.8
Staves         | |  0.8
Slings         | |  0.8
Bows           | |  0.8
Crossbows      | |  0.8
Throwing       | |  0.8
Armour         | |  0.8
Dodging        | |  4.5
Stealth        | |  4.1
Shields        | |  0.8
Unarmed Combat | |  0.8
Spellcasting   | |  7.1
Hexes          | |  0.5
Charms         | |  0.5
Necromancy     | |  0.5
Transmutations | |  0.5
Fire Magic     | |  0.5
Ice Magic      | |  0.5
Air Magic      | |  0.5
Earth Magic    | |  0.5
Poison Magic   | |  0.5
Evocations     | |  0.8

Action                   || total
-------------------------++-------
Melee: Unarmed           ||    13
       Bite              ||     5
       Short sword       ||    44
 Cast: Magic Dart        ||    30
  Use: Scroll            ||     1
 Stab: Sleeping          ||     2
  Eat: Chunk             ||     2
Armor: Robe              ||     2
Dodge: Dodged            ||    42

Table legend:
 A = Spawn XP
 B = Non-spawn XP
 C = Spawn XP percentage of total XP
 D = Spawn monster count
 E = Non-spawn monster count
 F = Spawn count percentage of total count
 G = Total turns spent on level
                    A         B        C        D         E        F      G
               +---------+---------+-------+---------+---------+-------+---------
         Total |       0 |      60 |   0.0 |       0 |      25 |   0.0 |  1491
               +---------+---------+-------+---------+---------+-------+---------
           D:1 |       0 |      52 |   0.0 |       0 |      20 |   0.0 |  1188
           D:2 |       0 |       8 |   0.0 |       0 |       5 |   0.0 |   303
               +---------+---------+-------+---------+---------+-------+---------
